[Event "20th Heraklion IT Open 2017"]
[Site "Heraklion"]
[Date "2017.04.21"]
[Round "6"]
[White "Fragiadakis, Emanouel"]
[Black "Mardoyan Ararat, T  Artur"]
[Result "1-0"]
[ECO "E12"]
[WhiteElo "1827"]
[BlackElo "1502"]
[Annotator "NA RC"]
[PlyCount "123"]
[EventDate "2017.??.??"]
[EventType "swiss"]
[EventCountry "GRE"]
[SourceTitle "playchess.com"]
[Source "ChessBase"]
[SourceQuality "1"]
[TimeControl "40/5400+30:1800+30"]

1. d4 Nf6 2. c4 e6 3. Nf3 b6 4. Bf4 Bb7 5. e3 d5 {[%emt 0:01:11] E12: Queen's Indian: Unusual White 4th moves, 4 a3, 4 Nc3 Bb7 5 a3 and 4 Nc3 Bb7} (5... Bb4+ 6. Nc3 O-O 7. Bd3 d6 8. Qc2 c5 9. O-O cxd4 10. exd4 Bxc3 11. bxc3 Bxf3 12. gxf3 Nc6 13. Kh1 e5 14. Be3 d5 15. Rg1 dxc4 {1-0 (35) Nguyen,N (2629)-Anton Guijarro,D (2650) Doha 2016}) 6. Nc3 Nbd7 7. h3 Be7 8. Bd3 O-O 9. O-O Ne4 10. cxd5 $146 (10. Qc2 f5 11. Ne5 c6 12. f3 Nxe5 13. Bxe5 Nd6 14. b3 Bf6 15. e4 dxc4 {1-0 (67) Xiang,E (1806)-Nguyen,E (1944) Manchester 2016}) 10... Nxc3 11. bxc3 Bxd5 12. e4 Bb7 13. c4 Nf6 14. Qc2 Nh5 15. Be3 g6 16. Rad1 c6 17. e5 Qc7 18. Nd2 c5 19. Be4 cxd4 20. Bxd4 Rfd8 21. Bxb7 Qxb7 22. Be3 Rac8 23. g4 Ng7 24. Ne4 Qc7 25. Rxd8+ Rxd8 26. f4 Ne8 27. Qa4 Kf8 28. Rc1 Rd3 29. Kf2 Qb7 30. c5 b5 31. c6 Qxc6 32. Rxc6 bxa4 33. Ke2 Rd7 34. Rc8 a3 35. f5 Rd8 36. Bh6+ (36. Rxd8 $16 {White threatens Bh6+ and mate.} Bxd8 37. fxe6 (37. Bxa7 gxf5 38. gxf5 exf5 $11)) 36... Kg8 37. Rc6 exf5 38. gxf5 gxf5 39. Ng3 Bf8 40. Nxf5 Rd5 41. Bf4 f6 42. Nd6 fxe5 $2 (42... Nxd6 $11 {and Black has nothing to worry.} 43. exd6 Kf7) 43. Nxe8 Kf7 {[%emt 0:00:00] [#]} 44. Nc7 $18 Rd6 45. Rxd6 Bxd6 46. Nb5 exf4 47. Nxd6+ Ke6 48. Nc4 Kd5 49. Nxa3 Kc5 50. Kf3 Kb4 51. Nb1 Kc4 52. Kxf4 Kd3 53. Na3 a5 54. Kg5 a4 55. Kh6 Kc3 56. Kxh7 Kb2 57. Nb5 Kxa2 58. Nc3+ Kb3 59. Nxa4 Kxa4 60. Kg7 Kb5 61. h4 Kc5 62. h5 1-0

[Event "20th Heraklion IT Open 2017"]
[Site "Heraklion"]
[Date "2017.04.21"]
[Round "6"]
[White "Brokalakis - Gounaris, Christos"]
[Black "Lampadariou, Nikolaos"]
[Result "1/2-1/2"]
[ECO "D10"]
[WhiteElo "1773"]
[BlackElo "1948"]
[Annotator "NA"]
[PlyCount "42"]
[EventDate "2017.??.??"]
[EventType "swiss"]
[EventCountry "GRE"]
[SourceTitle "playchess.com"]
[Source "ChessBase"]
[SourceQuality "1"]
[TimeControl "40/5400+30:1800+30"]

1. d4 d5 2. c4 c6 3. cxd5 cxd5 4. Bf4 Nc6 5. Nc3 {[%emt 0:01:03] LiveBook: 418 Games} Nf6 $14 6. Nf3 e6 7. h3 Bb4 8. Rc1 Qa5 9. Qc2 Qxa2 10. e3 Ne4 11. Bb5 Nxc3 12. bxc3 Qxc2 13. Rxc2 Be7 14. c4 a6 15. Bxc6+ bxc6 16. Ne5 dxc4 17. Nxc6 Bd7 18. Nxe7 Kxe7 19. Rxc4 Rhc8 20. Rxc8 Rxc8 21. Kd2 Bb5 1/2-1/2

[Event "20th Heraklion IT Open 2017"]
[Site "Heraklion"]
[Date "2017.04.21"]
[Round "6"]
[White "Papidakis, Georgios"]
[Black "Koutsourakis, Ioannis"]
[Result "1/2-1/2"]
[ECO "D10"]
[WhiteElo "1618"]
[BlackElo "1543"]
[Annotator "NA RC"]
[PlyCount "85"]
[EventDate "2017.??.??"]
[EventType "swiss"]
[EventCountry "GRE"]
[SourceTitle "playchess.com"]
[Source "ChessBase"]
[SourceQuality "1"]
[TimeControl "40/5400+30:1800+30"]

1. d4 d5 2. c4 c6 3. cxd5 cxd5 4. Bf4 Nc6 5. e3 a6 6. Bd3 e6 7. Nf3 Nf6 8. O-O Bd6 9. Bg5 O-O 10. Nc3 Be7 11. a3 b5 12. Qc2 h6 13. Bxf6 Bxf6 14. Nxb5 Bb7 15. Nc3 e5 16. dxe5 Nxe5 17. Nxe5 Bxe5 18. Qb3 Rb8 19. Rfd1 Qd6 20. h3 Qe6 21. Be2 Rfd8 22. Rac1 Bc6 23. Qc2 a5 24. Bg4 Qe7 25. Bf3 Qe6 26. Bg4 Qe7 27. Ne2 Ba8 28. Nd4 Rb6 29. Qc5 Qxc5 30. Rxc5 Rxb2 31. Rxa5 Bc7 32. Rb5 Ra2 33. Rb3 Bd6 34. g3 Bxa3 35. Rdb1 Bd6 36. Nf5 Be5 37. Rd1 Ra1 38. Rxa1 Bxa1 39. Bf3 Bf6 40. Ra3 Bc6 41. Ra6 Rc8 42. Nd6 Rc7 43. Nxf7 1/2-1/2

[Event "20th Heraklion IT Open 2017"]
[Site "Heraklion"]
[Date "2017.04.21"]
[Round "6"]
[White "Kouvidis, Ioannis"]
[Black "Pelantakis, Mihail"]
[Result "1-0"]
[ECO "B28"]
[WhiteElo "1387"]
[BlackElo "1737"]
[Annotator "NA"]
[PlyCount "81"]
[EventDate "2017.??.??"]
[EventType "swiss"]
[EventCountry "GRE"]
[SourceTitle "playchess.com"]
[Source "ChessBase"]
[SourceQuality "1"]
[TimeControl "40/5400+30:1800+30"]

1. e4 c5 2. Nf3 a6 3. c3 e6 4. d4 d5 5. exd5 exd5 6. dxc5 Bxc5 7. Bd3 Nf6 8. O-O O-O 9. Bf4 Nc6 10. Nbd2 Bg4 11. Nb3 Ba7 12. h3 Bh5 13. Bg5 Bb8 14. Be2 Qd6 15. g3 Rd8 16. Bf4 Qe7 17. Bxb8 Raxb8 18. Nfd4 Bxe2 19. Nxe2 Ne5 20. Nbd4 Nc4 21. b3 Nd6 22. Nf4 Nde4 23. Re1 Qc5 24. Rc1 b5 25. Nd3 Qb6 26. Nf4 Rbc8 27. Qf3 b4 28. Nde2 bxc3 29. Nxc3 Rxc3 30. Rxc3 Qxf2+ 31. Qxf2 Nxf2 32. Kxf2 Ne4+ 33. Rxe4 dxe4 34. Ke3 g5 35. Nh5 f5 36. g4 f4+ 37. Kxe4 Rf8 38. h4 h6 39. hxg5 hxg5 40. a4 Rb8 41. Kf5 1-0

[Event "20th Heraklion IT Open 2017"]
[Site "Heraklion"]
[Date "2017.04.22"]
[Round "7"]
[White "Moshovakis, Aggelos"]
[Black "Sredojevic, Ivan"]
[Result "1/2-1/2"]
[ECO "B19"]
[WhiteElo "2030"]
[BlackElo "2351"]
[Annotator "NA"]
[PlyCount "107"]
[EventDate "2017.??.??"]
[EventType "swiss"]
[EventCountry "GRE"]
[SourceTitle "playchess.com"]
[Source "ChessBase"]
[SourceQuality "1"]
[TimeControl "40/5400+30:1800+30"]

1. e4 c6 2. d4 d5 3. Nc3 dxe4 4. Nxe4 Bf5 5. Ng3 Bg6 6. Nf3 Nd7 7. h4 h6 8. Bd3 Bxd3 $1 9. Qxd3 e6 10. Bf4 Qa5+ {[%emt 0:00:31] B19: Classical Caro-Kann: 4...Bf5 main line} 11. Bd2 {[%emt 0:00:20] LiveBook: 18 Games} Bb4 12. c3 (12. Ne4 Ngf6 13. Nd6+ Ke7 14. Nc4 Bxd2+ 15. Nfxd2 Qc7 16. O-O-O b5 17. Ne3 Rhe8 18. g4 {½-½ (56) Polgar,J (2687)-Anand,V (2788) Zuerich 2009}) 12... Be7 13. c4 Qc7 14. O-O-O Ngf6 15. Ne4 Nxe4 16. Qxe4 Nf6 17. Qe2 O-O $146 (17... Rd8 18. Kb1 {0-1 (61) Voracek,M (2269)-Straka,V (2285) Czechia 2013}) 18. g4 Nxg4 19. Rdg1 h5 {[%emt 0:00:50] [#]} 20. Ne5 $1 Bf6 21. Nxg4 hxg4 22. Qxg4 Rfd8 23. Bc3 c5 24. d5 Bxc3 25. bxc3 Qe5 26. Qg3 (26. Rg3 $14) 26... Qxg3 27. Rxg3 exd5 28. Rhg1 dxc4 29. Rxg7+ Kf8 30. h5 Ke7 $1 31. h6 Rd3 32. Rh1 Rxc3+ 33. Kb2 Rd3 34. h7 Rh8 35. Rg8 Rd8 {[%emt 0:00:02] [#]} 36. Rxd8 $2 (36. Re1+ $1 $18 Kf6 37. Reg1) 36... Kxd8 37. Kc3 $11 b5 38. a4 bxa4 39. Kxc4 a3 40. Kxc5 a2 41. Ra1 Rxh7 42. Rxa2 f6 43. Kd6 Rb7 44. Ke6 Rb6+ 45. Kf7 a6 46. f4 Kc7 47. f5 Rc6 48. Re2 a5 49. Re6 a4 50. Kxf6 a3 51. Kf7 Rxe6 52. fxe6 a2 53. e7 a1=Q 54. e8=Q 1/2-1/2

[Event "20th Heraklion IT Open 2017"]
[Site "Heraklion"]
[Date "2017.04.22"]
[Round "7"]
[White "Sourgkounis, Angelos"]
[Black "Fragiadakis, Emanouel"]
[Result "0-1"]
[ECO "A30"]
[WhiteElo "1960"]
[BlackElo "1827"]
[Annotator "NA"]
[PlyCount "70"]
[EventDate "2017.??.??"]
[EventType "swiss"]
[EventCountry "GRE"]
[SourceTitle "playchess.com"]
[Source "ChessBase"]
[SourceQuality "1"]
[TimeControl "40/5400+30:1800+30"]

1. Nf3 Nf6 2. g3 c5 3. c4 b6 4. Bg2 Bb7 5. Nc3 e6 6. O-O Be7 7. a3 {[%emt 0:07:59] A30: Symmetrical English: Double Fianchetto and Hedgehog} (7. Re1 d5 8. cxd5 Nxd5 9. d4 cxd4 10. Qa4+ Qd7 11. Qxd7+ Nxd7 12. Nxd4 N7f6 13. Ncb5 O-O 14. e4 Nb4 15. a3 Nd3 16. Rd1 Nc5 {1-0 (48) Aronian,L (2785)-Ivanchuk,V (2747) Doha 2016}) 7... O-O 8. Rb1 {[%emt 0:00:14] LiveBook: 7 Games} d5 9. cxd5 Nxd5 10. Nxd5 Bxd5 11. b3 $146 (11. d3 Bf6 12. Bd2 Nd7 13. Bc3 Rc8 14. e4 Bb7 {1-0 (65) Praznik,N (2294)-Podkriznik,G (2334) Ljubljana 2012}) 11... Nc6 12. d3 f5 13. Re1 e5 14. e4 fxe4 15. dxe4 Be6 16. Qxd8 Raxd8 17. Ng5 Bxg5 18. Bxg5 Rd3 19. Re3 Rd2 20. Rf3 Rxf3 21. Bxf3 Rd3 22. Bd1 Nd4 23. Be3 Nxb3 24. Be2 Rc3 25. a4 Nd4 26. Bd1 Bc4 27. Bd2 Rd3 28. Be3 Ra3 29. Bc1 Ra2 30. Be3 Kf8 31. f3 Bd3 32. Rc1 c4 33. Bxd4 exd4 34. e5 c3 35. Bb3 Rb2 $19 0-1

[Event "20th Heraklion IT Open 2017"]
[Site "Heraklion"]
[Date "2017.04.22"]
[Round "7"]
[White "Lampadariou, Nikolaos"]
[Black "Predeftakis, Georgios"]
[Result "1-0"]
[ECO "E12"]
[WhiteElo "1948"]
[BlackElo "1688"]
[Annotator "NA"]
[PlyCount "63"]
[EventDate "2017.??.??"]
[EventType "swiss"]
[EventCountry "GRE"]
[SourceTitle "playchess.com"]
[Source "ChessBase"]
[SourceQuality "1"]
[TimeControl "40/5400+30:1800+30"]

1. d4 Nf6 2. c4 e6 3. Nf3 b6 4. a3 d5 5. cxd5 exd5 6. Nc3 Be7 7. g3 O-O 8. Bg2 Bb7 9. O-O Nbd7 10. Bg5 Ne4 11. Bxe7 Qxe7 12. Rc1 {[%emt 0:00:15] LiveBook: 4 Games} c6 13. e3 {[%emt 0:09:08] E12: Queen's Indian: Unusual White 4th moves, 4 a3, 4 Nc3 Bb7 5 a3 and 4 Nc3 Bb7} Nd6 $146 (13... Nxc3 14. Rxc3 c5 15. Qa4 Qd6 16. Rfc1 c4 17. Qd1 b5 18. Nd2 Rfe8 19. b3 Nb6 20. bxc4 bxc4 {0-1 (59) Brhlik,G (2205)-Kovacs,A (2240) Hungary 1993}) 14. Nd2 f5 15. b4 b5 16. a4 a6 17. a5 Rf6 18. Re1 Ne4 19. Ncxe4 fxe4 20. Qb3 Qf7 21. Rf1 Rf8 22. f3 exf3 23. Nxf3 Qh5 24. e4 g5 25. exd5 cxd5 26. Rc7 $1 g4 27. Nd2 ({Weaker is} 27. Rxb7 gxf3 28. Rxd7 fxg2 29. Rxf6 Rxf6 30. Qxd5+ Qxd5 31. Rxd5 Rc6 32. Kxg2 Kf8 $18) 27... Rxf1+ 28. Nxf1 Qf5 29. Rxb7 Nf6 30. Qe3 Ne4 31. Rc7 Nf2 32. Qe7 $18 1-0

[Event "20th Heraklion IT Open 2017"]
[Site "Heraklion"]
[Date "2017.04.22"]
[Round "7"]
[White "Bras, Emanouel"]
[Black "Kouvidis, Ioannis"]
[Result "1-0"]
[ECO "E67"]
[WhiteElo "1898"]
[BlackElo "1387"]
[Annotator "NA"]
[PlyCount "67"]
[EventDate "2017.??.??"]
[EventType "swiss"]
[EventCountry "GRE"]
[SourceTitle "playchess.com"]
[Source "ChessBase"]
[SourceQuality "1"]
[TimeControl "40/5400+30:1800+30"]

1. d4 Nf6 2. c4 g6 3. g3 Bg7 4. Bg2 O-O 5. Nc3 d6 6. Nf3 Nbd7 7. O-O e5 8. dxe5 Nxe5 9. Nxe5 dxe5 10. Bg5 Qxd1 11. Rfxd1 c6 {[%emt 0:00:12] LiveBook: 9 Games E62: King's Indian: Fianchetto: 6...c6 and Panno Variation (6...Nc6) without ...a6} 12. Rd6 (12. Rac1 Be6 13. b3 h6 14. Be3 Rfe8 15. Na4 Bf8 16. Nc5 Bc8 17. h3 Kg7 18. b4 a6 19. a4 Bxc5 20. Bxc5 {1-0 (35) Cheparinov,I (2689)-Al Sayed,M (2508) Doha 2016}) 12... Ne8 13. Rd2 $146 (13. Rd8 Bf6 14. Bxf6 Nxf6 15. Rad1 Be6 16. Rxa8 Rxa8 17. b3 Kf8 18. Kf1 Ke7 19. Ke1 {0-1 (38) De Oliveira,J (1815)-Haskin,Z (1973) Joao Pessoa 2014}) 13... f6 14. Be3 Be6 15. Na4 Bxc4 (15... f5 $11) 16. Nc5 Rf7 17. b3 Bd5 18. Rxd5 cxd5 19. Bxd5 Rb8 20. Rd1 b6 21. Bxf7+ Kxf7 22. Rd7+ Kf8 23. Ne6+ Kg8 24. Rxa7 f5 25. f3 Bf6 26. Bh6 Nd6 27. a4 Rc8 28. Nc7 $18 g5 29. Nd5 Bd8 30. Rg7+ Kh8 31. Rd7 Ne8 32. Kf2 f4 33. Ke1 Rb8 34. Rf7 1-0

[Event "20th Heraklion IT Open 2017"]
[Site "Heraklion"]
[Date "2017.04.22"]
[Round "7"]
[White "Brokalakis - Gounaris, Christos"]
[Black "Mamoulakis, Eleftherios"]
[Result "1/2-1/2"]
[ECO "E06"]
[WhiteElo "1773"]
[BlackElo "2117"]
[Annotator "NA"]
[PlyCount "63"]
[EventDate "2017.??.??"]
[EventType "swiss"]
[EventCountry "GRE"]
[SourceTitle "playchess.com"]
[Source "ChessBase"]
[SourceQuality "1"]
[TimeControl "40/5400+30:1800+30"]

1. d4 d5 2. c4 e6 3. Nf3 Nf6 4. g3 Be7 5. Bg2 O-O 6. O-O b6 7. Nc3 Bb7 8. Ne5 c5 {[%emt 0:04:08] LiveBook: 10 Games} 9. dxc5 Bxc5 10. cxd5 {[%emt 0:05:39] E18: Queen's Indian: Old Main Line (4 g3 Bb7 5 Bg2 Be7 6 0-0 0-0 7 Nc3)} Nxd5 11. Qb3 Nc6 $146 (11... Nd7 12. Nxd7 Qxd7 13. Rd1 Qe7 14. Ne4 Rac8 15. Bg5 f6 16. Bd2 Rfd8 17. Nxc5 bxc5 {1-0 (50) Kleinegger,F (2131)-Kind,B (2170) Germany 2016}) 12. Nxc6 Bxc6 13. Nxd5 Bxd5 14. Bxd5 Qxd5 15. Qxd5 exd5 16. Rd1 Rfd8 17. a3 f6 18. b4 Bd6 19. Bb2 Be5 20. Bxe5 fxe5 21. Rac1 Rd7 22. Rc6 Rad8 23. Re6 $11 e4 24. e3 Kf7 25. Rc6 Rd6 26. Rc2 Ke6 27. Kf1 Kf5 28. Ke2 Ke5 29. Rd4 R8d7 30. a4 Rh6 31. h4 Rhd6 32. b5 1/2-1/2

[Event "20th Heraklion IT Open 2017"]
[Site "Heraklion"]
[Date "2017.04.22"]
[Round "7"]
[White "Dhruv Easwar"]
[Black "Papidakis, Georgios"]
[Result "1-0"]
[ECO "B19"]
[WhiteElo "1753"]
[BlackElo "1618"]
[Annotator "NA RC"]
[PlyCount "100"]
[EventDate "2017.??.??"]
[EventType "swiss"]
[EventCountry "GRE"]
[SourceTitle "playchess.com"]
[Source "ChessBase"]
[SourceQuality "1"]
[TimeControl "40/5400+30:1800+30"]

1. e4 c6 2. d4 d5 3. Nc3 dxe4 4. Nxe4 Bf5 5. Ng3 Bg6 6. Nf3 Nd7 7. h4 h6 8. h5 Bh7 9. Bd3 Bxd3 10. Qxd3 Ngf6 11. Bd2 e6 12. O-O-O Be7 13. Ne4 Nxe4 14. Qxe4 Nf6 15. Qe2 Qd5 16. Kb1 Qe4 17. Qc4 Qd5 18. Qe2 O-O-O 19. Be3 Nxh5 20. Ne5 Nf6 21. Nxf7 Rhf8 22. Nxd8 Rxd8 23. Rde1 Bd6 24. Qd3 Bb4 25. c3 Bd6 26. Qg6 Qf5+ 27. Qxf5 exf5 28. Rh3 Re8 29. Rf3 f4 30. Bd2 Rxe1+ 31. Bxe1 Ne4 32. Kc2 Kd7 33. Bd2 Ng5 34. Rd3 Ne4 35. Be1 Ke6 36. f3 Nf6 37. c4 Bc7 38. Rb3 b6 39. Ra3 Bb8 40. Kd3 Kd7 41. Bb4 Ke6 42. Rc3 Kf7 43. Rc2 Ng8 44. Re2 Bc7 45. a4 g5 46. c5 bxc5 47. Bxc5 Bb8 48. b4 a6 49. Kc4 Bc7 50. d5 cxd5+ 1-0

[Event "20th Heraklion IT Open 2017"]
[Site "Heraklion"]
[Date "2017.04.22"]
[Round "7"]
[White "Vitsaxakis, Nikolaos"]
[Black "Serpetsidakis, Nikolaos"]
[Result "1-0"]
[ECO "D02"]
[WhiteElo "1726"]
[BlackElo "1994"]
[Annotator "NA"]
[PlyCount "71"]
[EventDate "2017.??.??"]
[EventType "swiss"]
[EventCountry "GRE"]
[SourceTitle "playchess.com"]
[Source "ChessBase"]
[SourceQuality "1"]
[TimeControl "40/5400+30:1800+30"]

1. d4 d5 2. Nf3 Nf6 3. Bf4 c5 4. c3 Qb6 5. Qc2 {[%emt 0:00:38] LiveBook: 7 Games D02: 1 d4 d5 2 Nf3 sidelines, including 2...Nf6 3 g3 and 2...Nf6 3 Bf4} (5. Qb3 Nc6 6. dxc5 Qxc5 7. Nbd2 e6 8. e3 Be7 9. h3 O-O 10. Be2 b6 11. O-O Bb7 12. a4 Rac8 13. Rfd1 h6 {0-1 (60) Kamsky,G (2721)-Ponomariov,R (2731) Beijing 2013}) 5... g6 6. Nbd2 Bf5 7. Qb3 c4 8. Qxb6 axb6 9. Ne5 $146 (9. a3 Nc6 10. Rc1 h6 11. h3 g5 12. Bh2 Bg7 {1-0 (38) Gyimesi,Z (2225)-Racz,Z (2245) Gyor 1991}) 9... b5 10. a3 Nh5 11. Be3 f6 12. g4 fxe5 13. gxh5 Bg7 14. dxe5 Bxe5 15. Bg2 e6 16. f4 Bf6 17. Bf2 b4 18. Rc1 bxc3 19. bxc3 Rxa3 20. e4 Bxc3 21. exf5 gxf5 22. Bc5 Bxd2+ 23. Kxd2 Rd3+ 24. Ke2 Rg8 25. Bf3 Kd7 26. Rhd1 Rxd1 27. Rxd1 Kc6 28. Rg1 Rxg1 29. Bxg1 b5 30. h6 Kd6 {[%emt 0:06:01] [#]} ({Of course not} 30... b4 $6 31. Bh5 b3 32. Kd2 $16) (30... Nd7 $11) 31. Bh5 $1 e5 $2 {[%emt 0:01:25] [#]} (31... Nd7 $16) 32. Bg6 $1 Ke7 33. Bxh7 Kf6 {[%emt 0:01:14] [#]} 34. Bxf5 $18 Nc6 35. h7 Kg7 36. fxe5 1-0

[Event "20th Heraklion IT Open 2017"]
[Site "Heraklion"]
[Date "2017.04.22"]
[Round "7"]
[White "Koutsourakis, Ioannis"]
[Black "Vitsaxaki, Iris"]
[Result "1-0"]
[ECO "E46"]
[WhiteElo "1543"]
[BlackElo "1345"]
[Annotator "NA"]
[PlyCount "53"]
[EventDate "2017.??.??"]
[EventType "swiss"]
[EventCountry "GRE"]
[SourceTitle "playchess.com"]
[Source "ChessBase"]
[SourceQuality "1"]
[TimeControl "40/5400+30:1800+30"]

1. d4 Nf6 2. c4 e6 3. Nc3 Bb4 4. e3 O-O 5. Nge2 c6 6. a3 Ba5 7. b4 Bc7 8. Bb2 d5 9. Ng3 Nbd7 10. c5 b6 11. Bd3 e5 12. O-O Rb8 13. Qc2 bxc5 14. bxc5 Ba5 15. Rab1 Qc7 16. Qa4 Rxb2 17. Rxb2 Bxc3 18. Rb3 exd4 19. exd4 Qa5 20. Qxa5 Bxa5 21. Nf5 Ne8 22. Ne7+ Kh8 23. Nxc8 Nef6 24. Nxa7 Ra8 25. Nxc6 Bc7 26. Bf5 Nf8 27. Rb7 1-0

[Event "20th Heraklion IT Open 2017"]
[Site "Heraklion"]
[Date "2017.04.23"]
[Round "8"]
[White "Martorelli, Antonio"]
[Black "Stratigi, Evangelia"]
[Result "1-0"]
[ECO "C26"]
[WhiteElo "2220"]
[BlackElo "1662"]
[Annotator "NA RC"]
[PlyCount "95"]
[EventDate "2017.??.??"]
[EventType "swiss"]
[EventCountry "GRE"]
[SourceTitle "playchess.com"]
[Source "ChessBase"]
[SourceQuality "1"]
[TimeControl "40/5400+30:1800+30"]

1. e4 e5 2. Nc3 Nf6 3. f4 d6 4. Nf3 Nc6 5. d4 exd4 {[%emt 0:07:29] C30: King's Gambit Declined} (5... Bg4 6. d5 Nd4 7. Be2 Nxe2 8. Qxe2 c6 9. fxe5 dxe5 10. Bg5 h6 11. Bh4 Bb4 12. Qc4 Bxc3+ 13. Qxc3 {1-0 (49) Zapolskis,A (2377)-Markowski,T (2561) Warsaw 2006}) 6. Nxd4 {[%emt 0:00:09] LiveBook: 3 Games} Bd7 7. Be3 Ng4 $146 (7... Nxe4 $11 8. Nxe4 Qe7) (7... Qe7 8. Bd3 Ng4 9. Nd5 Nxe3 10. Nxc6 Bxc6 11. Nxe3 Bxe4 12. Bxe4 Qxe4 13. Qe2 {1-0 (29) Kratz,J-Boersma,R Hengelo 2003}) 8. Bg1 Be7 9. Be2 h5 10. Qd2 Bf6 11. O-O-O Nxd4 12. Bxd4 Bc6 13. h3 Bxd4 14. Qxd4 Nf6 {[%emt 0:00:48] [#]} 15. g4 $1 ({Much less strong is} 15. e5 $6 dxe5 16. Qxe5+ Qe7 $16) 15... Qe7 16. Bf3 a6 17. g5 Nd7 18. Qxg7 O-O-O 19. Qd4 Kb8 20. Rhe1 Rde8 21. h4 Qe6 22. Nd5 Qh3 23. Qf2 Qe6 24. Kb1 Qg6 25. Qd4 Qe6 26. Re3 Bxd5 27. Qxd5 Qxd5 28. Rxd5 Nb6 29. Rf5 Re7 30. Rd3 Rd7 (30... Ka7 $142 31. a3 Nd7) 31. b3 c6 32. a4 Rh7 33. a5 Nc8 34. e5 d5 35. Rf6 Kc7 36. Bg2 Ne7 37. Rg3 Ng8 38. Bh3 Nxf6 39. gxf6 Rd8 40. Bf5 Rhh8 41. Rg7 Rdf8 42. Be6 Kb8 43. Bxf7 $18 Rh6 44. Rg8 Rh8 45. Rxh8 Rxh8 46. e6 Kc7 47. Bxh5 Rxh5 48. f7 1-0

[Event "20th Heraklion IT Open 2017"]
[Site "Heraklion"]
[Date "2017.04.23"]
[Round "8"]
[White "Mamoulakis, Eleftherios"]
[Black "Dhruv Easwar"]
[Result "1-0"]
[ECO "A06"]
[WhiteElo "2117"]
[BlackElo "1753"]
[Annotator "ChessBase"]
[PlyCount "89"]
[EventDate "2017.??.??"]
[EventType "swiss"]
[EventCountry "GRE"]
[SourceTitle "playchess.com"]
[Source "ChessBase"]
[SourceQuality "1"]
[TimeControl "40/5400+30:1800+30"]

1. Nf3 d5 2. g3 Nf6 3. Bg2 e6 4. O-O Be7 5. d3 O-O 6. Nbd2 b6 7. c3 Bb7 8. Qc2 c5 9. Re1 Nbd7 10. e4 Qc7 11. exd5 Nxd5 12. Nc4 Rfd8 13. a4 Bf6 14. Bg5 Bxg5 15. Nxg5 h6 16. Ne4 N7f6 17. a5 Nxe4 18. dxe4 Nf6 19. axb6 axb6 20. e5 Ne8 21. Rxa8 Bxa8 22. Bxa8 Rxa8 23. Qb3 Rb8 24. Qb5 Qb7 25. Ra1 Nc7 26. Qd7 Nd5 27. Qxb7 Rxb7 28. Ra8+ Kh7 29. Nd6 Rd7 30. Rb8 Rc7 31. c4 Nb4 32. Rxb6 Nd3 33. f4 Kg6 34. Kf1 Ra7 35. Ke2 Nb4 36. Rxb4 cxb4 37. Kd3 Kh5 38. h3 Ra2 39. Kc2 f6 40. Kb3 Ra1 41. c5 Rg1 42. c6 Rxg3+ 43. Kxb4 Rg1 44. c7 Rc1 45. Nc4 1-0

[Event "20th Heraklion IT Open 2017"]
[Site "Heraklion"]
[Date "2017.04.23"]
[Round "8"]
[White "Serpetsidakis, Nikolaos"]
[Black "Kouvidis, Ioannis"]
[Result "1-0"]
[ECO "D05"]
[WhiteElo "1994"]
[BlackElo "1387"]
[Annotator "NA RC"]
[PlyCount "87"]
[EventDate "2017.??.??"]
[EventType "swiss"]
[EventCountry "GRE"]
[SourceTitle "playchess.com"]
[Source "ChessBase"]
[SourceQuality "1"]
[TimeControl "40/5400+30:1800+30"]

1. d4 Nf6 2. Nf3 e6 3. e3 d5 4. Bd3 b6 5. O-O Bb7 6. b3 Be7 7. Bb2 O-O 8. Ne5 c5 9. Nd2 Nc6 10. a3 cxd4 11. exd4 Nxe5 12. dxe5 {[%emt 0:00:08] LiveBook: 5 Games} Nd7 13. Qg4 Nc5 14. b4 Nxd3 15. cxd3 a5 16. b5 Rc8 17. Qa4 Qd7 18. Rab1 Rc7 19. Qb3 Rfc8 20. Nf3 {[%emt 0:02:14] [#]} h6 (20... d4 $1 $17 {[%mdl 512] And now ...Rc3! would win.} 21. Nxd4 (21. Bxd4 Bxf3) 21... Bc5) 21. h3 (21. Nd4 $11) 21... Bc5 22. d4 Be7 23. Nd2 Rc2 24. Qd3 ({White should play} 24. Rfd1 $15) 24... Bxa3 25. Qxa3 Rxd2 26. Qg3 Rdc2 27. Bc1 Kh8 28. Be3 $11 R8c4 29. Qh4 Rc8 $2 (29... Kh7 $17 {Hoping for ...a4.} 30. Qg4 Qc7) 30. g4 Qd8 31. Qh5 Kg8 32. g5 hxg5 $2 (32... g6 $1 $15 {keeps the upper hand.} 33. Qxh6 R8c3) 33. Bxg5 Qf8 {[%emt 0:00:11] [#]} 34. Qh4 $2 ({White has to play} 34. Bf6 $1 $18 {[%mdl 512] Black must now prevent Kh1.} R8c3 (34... gxf6 35. Kh1) 35. Kh2) 34... Re2 $2 {[%emt 0:02:30] [#]} (34... Qa3 $1 $11 35. Bd8 a4 36. Bxb6 Qc3) 35. Be7 $2 (35. Rb3 $1 $18 {Be7 is the strong threat.} Rc4 {[#]} 36. Bf6 $1 ) 35... Qe8 (35... Re4 $142) 36. Rb3 Re4 37. Qg5 g6 38. Bf6 Qf8 39. f4 Kh7 40. Rg3 Qh6 ({Worse is} 40... Rxd4 41. Rg4 Rxf4 42. Qxf4 g5 43. Qxg5 Qc5+ 44. Kh1 d4+ {[#]} 45. Rg2 $1 Bxg2+ 46. Kh2 (46. Qxg2 Qd5 47. Qxd5 exd5 $16) 46... Qf8 47. Qh5+ (47. Kxg2 Qh6 48. Qxh6+ Kxh6 $16) 47... Qh6 48. Qxf7+ Qg7 49. Qxg7#) 41. Rg4 Qxg5 42. Bxg5 Rg8 ({Worse is} 42... Rxd4 43. Rh4+ Kg7 44. Bf6+ Kg8 45. Rh8#) (42... f5 $18 43. exf6 Kg8) 43. Rh4+ Kg7 44. Bh6+ 1-0

[Event "20th Heraklion IT Open 2017"]
[Site "Heraklion"]
[Date "2017.04.23"]
[Round "8"]
[White "Maris, Ioannis"]
[Black "Moshovakis, Aggelos"]
[Result "0-1"]
[ECO "C54"]
[WhiteElo "1967"]
[BlackElo "2030"]
[Annotator "NA RC"]
[PlyCount "74"]
[EventDate "2017.??.??"]
[EventType "swiss"]
[EventCountry "GRE"]
[SourceTitle "playchess.com"]
[Source "ChessBase"]
[SourceQuality "1"]
[TimeControl "40/5400+30:1800+30"]

1. e4 e5 2. Nf3 Nc6 3. Bc4 Bc5 4. c3 Nf6 5. d3 O-O ({But not} 5... d5 6. exd5 Nxd5 7. Qb3 $16) 6. b4 Bb6 7. Bg5 {[%emt 0:01:41] LiveBook: 4 Games} h6 8. Bh4 d6 9. Nbd2 Be6 10. Qb3 Qe7 11. a4 a5 12. b5 Nb8 13. O-O Nbd7 14. Rad1 c6 15. Bxf6 Qxf6 16. d4 exd4 17. cxd4 Qg6 18. bxc6 bxc6 19. d5 (19. Bxe6 $14 Qxe6 20. Rb1) 19... cxd5 ({But not} 19... Bh3 $2 20. Nh4 Qg4 21. Qxh3 $18) 20. exd5 Bg4 21. h3 Bxf3 ({Don't capture} 21... Bxh3 $2 22. Nh4 Qg4 23. Qxh3 $18) 22. Nxf3 Rab8 23. Bb5 Bc5 24. Nd4 Bxd4 25. Rxd4 Rfc8 26. Rg4 Qf6 27. Qd1 Ne5 28. Re4 Qf5 29. Qe2 Rc5 30. f4 Ng6 31. Bc6 Qf6 32. Kh1 Rb2 33. Re8+ Kh7 34. Qe4 Rcc2 35. f5 Nh4 36. Rg1 Nxg2 ({Weaker is} 36... Nxf5 37. Bd7 Rf2 38. Ra8 $17) 37. Rb8 Re2 $19 (37... Nh4 $142 38. Rxg7+ Kxg7 39. Qg4+ Ng6 40. Rxb2 Qxb2 41. Qg1 Qe5 42. f6+ Qxf6 43. Qg2 Rxg2 44. Kxg2 Nh4+ 45. Kg3 Qf3+ 46. Kxh4 Qf4+ 47. Kh5 Qg5#) 0-1